 Dungeon Crawl Stone Soup version 0.23-a0-516-g0f8c245 (webtiles) character file.

134 zishaf the Firebug (level 4, -5/24 HPs)
             Began as a Deep Elf Fire Elementalist on Dec 6, 2018.
             Slain by an ogre
             ... wielding a cursed -2 giant club
              (29 damage)
             ... on level 4 of the Dungeon.
             The game lasted 00:06:01 (3146 turns).

zishaf the Firebug (Deep Elf Fire Elementalist)     Turns: 3146, Time: 00:06:01

Health: -5/24      AC:  2    Str:  5    XL:     4   Next: 95%
Magic:  3/10       EV: 13    Int: 21    God:
Gold:   59         SH:  3    Dex: 15    Spells: 3/9 levels left

rFire    . . .     SeeInvis .   a - +2 dagger (flame)
rCold    . . .     Gourm    .   (no shield)
rNeg     . . .     Faith    .   k - +0 robe
rPois    .         Spirit   .   (no helmet)
rElec    .         Reflect  +   (no cloak)
rCorr    .         Harm     .   (no gloves)
MR       .....                  (no boots)
Stlth    ++........             i - +3 amulet of reflection
HPRegen  0.08/turn              (no ring)
MPRegen  0.12/turn              (no ring)

@: no status effects
A: no striking features
a: no special abilities


You were on level 4 of the Dungeon.
You were not hungry.

You visited 1 branch of the dungeon, and saw 4 of its levels.

You collected 59 gold pieces.

Inventory:

Hand Weapons
 a - a +2 dagger of flaming (weapon)
Missiles
 e - 7 tomahawks (quivered)
 f - 4 curare-tipped needles
 h - 55 poisoned needles
Armour
 k - a +0 robe (worn)
Jewellery
 i - a +3 amulet of reflection (around neck)
Scrolls
 b - 2 scrolls of teleportation {unknown}
 g - a scroll of blinking {unknown}
 m - a scroll of amnesia {unknown}
 n - 2 scrolls of enchant armour {unknown}
 o - 2 scrolls of fog {unknown}
 p - 2 scrolls of remove curse {unknown}
 q - 2 scrolls of identify {unknown}
 r - a scroll of enchant weapon {unknown}
 t - a scroll of random uselessness {unknown}
Potions
 d - 3 potions of curing {unknown}
 j - 2 potions of flight {unknown}
 l - a potion of lignification {unknown}
 s - a potion of brilliance {unknown}
Comestibles
 c - 5 rations


   Skills:
 + Level 3.2 Dodging
 + Level 3.4 Stealth
 - Level 3.0 Spellcasting
 * Level 3.2 Conjurations
 * Level 4.4 Fire Magic


You had 3 spell levels left.
You knew the following spells:

 Your Spells              Type           Power        Failure   Level  Hunger
a - Flame Tongue          Conj/Fire      ###..        2%          1    None
b - Throw Flame           Conj/Fire      ###...       4%          2    ##.....
c - Conjure Flame         Conj/Fire      ###.....     9%          3    ###....

Your spell library contained the following spells:

 Spells                   Type           Power        Failure   Level  Hunger
 Inner Flame              Hex/Fire       ##......     16%         3    ###....
 Sticky Flame             Conj/Fire      ###.....     26%         4    ####...
 Fireball                 Conj/Fire      ###.......   58%         5    ######.


Dungeon Overview and Level Annotations

Branches:
Dungeon (4/15)
 Temple: D:4-7

Altars:
Cheibriados
Kikubaaqudgha
Okawaru
Xom


Message History

Aim: an ogre, wielding a -2 giant club (moderately wounded)
The flame tongue hits the ogre.
The ogre is heavily wounded.
Casting: Flame Tongue (safe; 2% risk of failure)
Confirm with . or Enter, or press ? or * to list all spells.
Aiming: Flame Tongue (safe; 2% risk of failure)
Press: ? - help, Shift-Dir - straight line, f/p - ogre
Aim: an ogre, wielding a -2 giant club (heavily wounded)
The flame tongue hits the ogre.
The ogre is severely wounded.
Casting: Flame Tongue (safe; 2% risk of failure)
Confirm with . or Enter, or press ? or * to list all spells.
Aiming: Flame Tongue (safe; 2% risk of failure)
Press: ? - help, Shift-Dir - straight line, f/p - ogre
Aim: an ogre, wielding a -2 giant club (severely wounded)
The flame tongue hits the ogre.
The ogre is almost dead.
The ogre hits you with a cursed -2 giant club!!
Ouch! That really hurt!
You die...

#.............
#.............
#.............
.............
#...........
#...........
#....O......
#.@# ####


You could see an ogre.

Vanquished Creatures
  4 adders
  3 oozes (D:1)
  A worm (D:2)
  2 dart slugs (D:1)
  5 orcs (D:3)
  9 giant cockroaches
  7 goblins
  5 hobgoblins
  4 jackals (D:3)
  A quokka (D:3)
  A ball python (D:2)
  10 bats
  7 frilled lizards
  8 kobolds
  7 rats
74 creatures vanquished.

Notes
Turn   | Place    | Note
-------+----------+-------------------------------------------
     0 | D:1      | zishaf the Deep Elf Fire Elementalist began the quest for
                  | the Orb.
     0 | D:1      | Reached XP level 1. HP: 10/10 MP: 6/6
   182 | D:1      | Reached XP level 2. HP: 15/15 MP: 6/8
   268 | D:1      | Learned a level 2 spell: Throw Flame
   551 | D:1      | Reached XP level 3. HP: 19/19 MP: 9/9
  1200 | D:1      | Learned a level 3 spell: Conjure Flame
  1228 | D:2      | Reached skill level 4 in Fire Magic
  1427 | D:2      | Found a snail-covered altar of Cheibriados.
  1690 | D:2      | Found an ancient bone altar of Kikubaaqudgha.
  1692 | D:2      | Found an iron altar of Okawaru.
  1788 | D:3      | Reached XP level 4. HP: 24/24 MP: 7/10
  2793 | D:3      | Found a shimmering altar of Xom.
  3141 | D:4      | Noticed an ogre
  3146 | D:4      | Slain by an ogre

Vault maps used:
D:1:      erik_arrival_blinker_ship, minmay_tromino_i4
D:2:      lemuel_doored_altar, chequers_temple_overflow_statue_of_worship
D:3:      marbit_many_paths, first_ration
D:4:      lemuel_coloured_pillars_altar, uniq_ijyb

Skill      XL: |  1  2  3  4 |
---------------+-------------+-----
Conjurations   | 2 3 |  3.2
Stealth        | 3 |  3.4
Dodging        | 3 |  3.2
Fire Magic     | 4 |  4.4
Spellcasting   | |  3.0

Action                   |  1- 3 |  4- 6 || total
-------------------------+-------+-------++-------
Melee: Dagger            |    26 |    25 ||    51
Throw: Tomahawk          |       |     5 ||     5
 Cast: Flame Tongue      |    43 |    58 ||   101
       Throw Flame       |     4 |     4 ||     8
       Conjure Flame     |       |     1 ||     1
 Stab: Sleeping          |     5 |       ||     5
  Eat: Chunk             |     2 |     5 ||     7
Armor: Robe              |     6 |     6 ||    12
Dodge: Dodged            |    14 |    22 ||    36
Block: Other             |     1 |     4 ||     5

Table legend:
 A = Non-vault XP
 B = Vault XP
 C = Vault XP percentage of total XP
 D = Non-vault monster count
 E = Vault monster count
 F = Vault count percentage of total count
                 A         B        C        D         E       F
            +---------+---------+-------+---------+---------+-------
      Total |     180 |      12 |   6.2 |      69 |       5 |   6.8
            +---------+---------+-------+---------+---------+-------
        D:1 |      52 |      11 |  17.5 |      25 |       4 |  13.8
        D:2 |      31 |       0 |   0.0 |      11 |       0 |   0.0
        D:3 |      97 |       1 |   1.0 |      33 |       1 |   2.9
            +---------+---------+-------+---------+---------+-------
